 Dungeon Crawl Stone Soup version 0.31-a0-626-g8143ab4f1d (webtiles) character file.

Game seed: 7247401750592753935

146 Newt the Trooper (level 5, 0/35 HPs)
             Began as a Gargoyle Fighter on Aug 24, 2023.
             Slain by Edmund
             ... wielding a +2 flail of pain
              (7 damage)
             ... on level 3 of the Dungeon.
             The game lasted 00:02:24 (2772 turns).

Newt the Trooper (Gargoyle Fighter)                 Turns: 2772, Time: 00:02:24

Health: 0/35       AC: 12    Str: 22    XL:     5   Next: 28%
Magic:  5/5        EV:  8    Int:  8    God:
Gold:   132        SH:  7    Dex:  9    Spells: 4/4 levels left

rFire   . . .        a - +1 flail
rCold   . . .        j - +0 kite shield
rNeg    + . .        b - +0 scale mail
rPois   ∞            (no helmet)
rElec   +            (no cloak)
rCorr   .            k - +0 pair of gloves {Stlth+}
SInv    .            (no boots)
Will    .....        (no amulet)
Stlth   +            (no ring)
HPRegen 0.25/turn    (no ring)
MPRegen 0.09/turn

%: no passive effects
@: mighty
A: sickness immunity, AC +4, negative energy resistance 1, electricity
resistance, torment resistance 1, petrification resistance
a: no special abilities


You were on level 3 of the Dungeon.
You visited 1 branch of the dungeon, and saw 4 of its levels.

You collected 132 gold pieces.

Inventory:

Hand Weapons
 a - a +1 flail (weapon)
Missiles
 m - 8 poisoned darts
 r - 3 boomerangs
Armour
 b - a +0 scale mail (worn)
 c - a +0 buckler
 i - a +0 pair of gloves
 j - a +0 kite shield (worn)
 k - a +0 pair of gloves of stealth (worn)
Scrolls
 e - 3 scrolls of teleportation
 n - a scroll of vulnerability {unknown}
 o - 2 scrolls of butterflies
Potions
 f - a potion of heal wounds {unknown}
 g - a potion of brilliance {unknown}
 h - a potion of attraction {unknown}
 l - a potion of ambrosia {unknown}
 p - a potion of haste {unknown}
 q - a potion of curing {unknown}


   Skills:
 - Level 5.0 Fighting
 - Level 4.0 Maces & Flails
 * Level 3.4 Armour
 - Level 3.2 Shields


You had 4 spell levels left.
You didn't know any spells.
Your spell library contained the following spells:

 Spells                   Type           Power      Damage    Failure   Level
 Call Canine Familiar     Summ           0%         N/A       100%        3
 Portal Projectile        Hex/Tloc       0%         N/A       100%        3
 Leda's Liquefaction      Hex/Erth       0%         N/A       100%        4


Dungeon Overview and Level Annotations

Branches:
Dungeon (4/15)
 Temple: D:4-7

Altars:

Shops:
D:3 [

Annotations:
D:3 Edmund
D:4 Blork the orc


Innate Abilities, Weirdness & Mutations

You are immune to sickness and miasma.
Your stone body is resilient. (AC +4)
You are immune to poison.
You resist negative energy. (rN+)
You are resistant to electric shocks. (rElec)
You are resistant to unholy torment.
You are immune to petrification.


Message History

The gnoll barely misses you.
You hit the gnoll.
The gnoll is moderately wounded.
You block the gnoll's attack. The gnoll barely misses you.
You sock the gnoll!
You kill the gnoll!
You block the gnoll's attack. The gnoll hits you but does no damage.
Blork the orc comes into view.
He is wielding a +0 morningstar and carrying a wand of polymorph.
The gnoll hits you but does no damage. You block the gnoll's attack.
Edmund hits you with a +2 flail of pain!
The gnoll bouda hits you with a +0 whip.
The gnoll barely misses you. The gnoll hits you but does no damage.
You climb upwards.
There is a stone staircase leading down here.
Unknown command.
You feel very mighty all of a sudden.
The gnoll bouda hits you with a +0 whip!
Edmund hits you with a +2 flail of pain.
You sock the gnoll bouda!
The gnoll bouda is moderately wounded.
The gnoll bouda closely misses you.
Edmund says, "People think my brother is the best.
I think he's crazy."
Edmund hits you with a +2 flail of pain.
You writhe in agony.
* * * LOW HITPOINT WARNING * * *
The gnoll bouda hits you with a +0 whip.
* * * LOW HITPOINT WARNING * * *
Edmund hits you with a +2 flail of pain.
* * * LOW HITPOINT WARNING * * *
You hit the gnoll bouda.
The gnoll bouda is heavily wounded.
You block the gnoll bouda's attack. Edmund barely misses you.
Unknown command.
You hit the gnoll bouda.
The gnoll bouda is severely wounded.
The gnoll bouda mumbles some strange prayers to its god.
The gnoll bouda is healed somewhat.
Edmund hits you with a +2 flail of pain!
You die...
Edmund says, "That'll show my brother!"

##########
#.........
#......###
#......#..
#.....†#.#
#......#.# #######
#.######.#
#@g...###.# #.#
#.@.#..##.# #.#
#...##.##.# #..
#...##.##.# #..
####
#...##'##.######..
...#
#.#...............
##.#
#...........####..
##.#
######....###.#
#.# ##.#
#...####### #.##
#.#


You could see Edmund and a gnoll bouda.

Vanquished Creatures
  2 orc priests (D:3)
  2 adders
  A gnoll (D:4)
  2 dart slugs (D:1)
  2 worms
  4 orcs (D:3)
  3 bats
  4 endoplasms
  A giant cockroach (D:1)
  4 goblins
  6 hobgoblins
  7 kobolds
  3 quokkas
  4 ball pythons
  A frilled lizard (D:3)
  4 rats
50 creatures vanquished.

Notes
Turn   | Place    | Note
-------+----------+-------------------------------------------
     0 | D:1      | Newt the Gargoyle Fighter began the quest for the Orb.
     0 | D:1      | Reached XP level 1. HP: 14/14 MP: 1/1
   330 | D:1      | Reached skill level 4 in Fighting
   330 | D:1      | Reached XP level 2. HP: 18/20 MP: 2/2
   931 | D:1      | Reached XP level 3. HP: 22/24 MP: 3/3
  1438 | D:2      | Reached skill level 5 in Fighting
  1653 | D:3      | Found Woerim's Antique Armour Emporium.
  1663 | D:3      | Reached XP level 4. HP: 26/31 MP: 4/4
  1951 | D:3      | Reached XP level 5. HP: 31/35 MP: 5/5
  2762 | D:4      | Noticed Edmund
  2766 | D:4      | Noticed Blork the orc
  2772 | D:3      | Slain by Edmund

Illustrated notes

Levels and vault maps discovered:
D:1:      heliophobic_arrival_enchanted_forest, layout_basic, serial_glass,
          glass_columns_b, glass_columns_b, minmay_stone_trees_small
D:2:      layout_loops_ring
D:3:      layout_basic, serial_shops, nicolae_shop_tiny_statue_garden
D:4:      layout_cave_pools, nicolae_shop_gadgets, uniq_edmund,
          uniq_blork_the_orc, uniq_natasha

Skill      XL: |  1  2  3  4  5 |
---------------+----------------+-----
Fighting       | 4 5 |  5.0
Maces & Flails | 3 4 |  4.0
Armour         | |  3.4
Shields        | |  3.2

Action                     |  1- 3 |  4- 6 || total
---------------------------+-------+-------++-------
  Melee: Flail             |    95 |    73 ||   168
    Use: Scroll            |     5 |       ||     5
         Potion            |       |     1 ||     1
 Armour: Scale mail        |    41 |    54 ||    95
  Dodge: Dodged            |    26 |    29 ||    55
  Block: Buckler           |     2 |       ||     2
         Kite shield       |    33 |    41 ||    74

Table legend: (Time is in decaauts)
 A = Elapsed time spent in this place.
 B = Non-inter-level travel time spent in this place.
 C = Inter-level travel time spent in this place.
 D = Time resting spent in this place.
 E = Time spent auto-exploring this place.
 F = Levels seen in this place.
 G = Mean time per level.
                   A        B        C        D        E       F      G
               +--------+--------+--------+--------+--------+-----+--------+
         Total |   2837 |   2788 |     49 |    332 |   2000 |   4 |  709.2 |
       Dungeon |   2837 |   2788 |     49 |    332 |   2000 |   4 |  709.2 |
               +--------+--------+--------+--------+--------+-----+--------+

Top non-repeatable levels by time:
     D:3: 1180 daAuts
     D:1: 979 daAuts
     D:2: 668 daAuts
     D:4: 8 daAuts
